AoeStats
← Pielover757

Nomad

510267752Analyzed
3v3 RM · 2d ago on Sep 30, 2026· 34m 57s· 6 players
Game mode
Random Map
Map size
210×210
Population
200
Speed
Normal
Resources
Standard
Victory
Conquest
Starting age
Dark Age
Ending age
Imperial Age
RankedLock teamsTeams togetherTeam positionsShared explorationLock speedFull tech treeHidden civsTurbo modeCheats
Victory
Defeat
🇻🇳 Saracens · Vietnam
1926
+13
🇳🇱 Magyars · Netherlands
1836
+17
🇿🇦 Burmese · South Africa
1649
+25
🇻🇳 Romans · Vietnam
1908
-20
🇧🇷 Cumans · Brazil
1841
-18
🇨🇦 Malay · Canada
1823
-17
ĐLucky
5:07 Loom
13:52 Feudal Age
17:50 Castle Age
15:49 Double-Bit Axe
16:08 Fishing Lines
17:38 Gold Mining
19:03 Medium Warships
20:45 Forging
21:19 Wheelbarrow
20:55 Bow Saw
21:10 Horse Collar
25:15 Town Watch
29:44 Iron Casting
32:10 Imperial Age
30:37 Scale Barding Armor
31:49 Chain Barding Armor
32:22 Bloodlines
32:12 Husbandry
33:30 Plate Barding Armor
33:30 Heavy Warships
34:30 Blast Furnace
34:34 Elite Mameluke
Pielover757
4:53 Loom
13:18 Feudal Age
16:46 Forging
18:50 Town Watch
21:27 Castle Age
20:31 Fletching
30:54 Horse Collar
33:24 Padded Archer Armor
34:28 Husbandry
34:38 Bloodlines
Ceeelebrate
4:26 Loom
14:15 Feudal Age
15:10 Double-Bit Axe
18:13 Castle Age
16:46 Fishing Lines
17:57 Scale Barding Armor
18:49 Bloodlines
18:35 Town Watch
19:26 Chain Barding Armor
19:11 Light Cavalry
22:13 Wheelbarrow
23:32 Husbandry
25:16 Horse Collar
33:39 Imperial Age
33:32 Stone Mining
33:33 Gold Mining
35:01 Plate Barding Armor
33:49 Capped Ram
34:02 Hussar
36:09 Wheelbarrow
KerchakSS
13:41 Feudal Age
13:36 Town Watch
19:03 Castle Age
17:19 Fishing Lines
19:05 Gillnets
20:54 Double-Bit Axe
21:57 Fletching
29:43 Pikeman
30:34 Forging
32:18 Squires
32:18 Squires
33:26 Arson
34:40 Loom
35:30 Wheelbarrow
saymynameBook
10:20 Loom
12:31 Feudal Age
13:10 Town Watch
16:14 Castle Age
14:16 Double-Bit Axe
17:09 Medium Warships
18:39 Bow Saw
20:10 Fishing Lines
23:44 Horse Collar
25:45 Redemption
30:45 Wheelbarrow
34:13 Imperial Age
PeAcE mE
4:29 Loom
12:07 Feudal Age
12:34 Feudal Age
16:46 Castle Age
16:04 Double-Bit Axe
18:15 Fletching
21:31 Bodkin Arrow
24:07 Padded Archer Armor
25:40 Ballistics
27:22 Leather Archer Armor
30:33 Horse Collar
34:23 Wheelbarrow
34:12 Bow Saw
34:54 Bloodlines
Connection lost

Rejoining the realm…

Still unreachable

The connection could not be restored.

Session expired

The server has moved on; the page needs a fresh start.